 Dungeon Crawl Stone Soup version 0.23.1-37-gaa34b87 (webtiles) character file.

Game seed: 6376189973151262798

3402 azeaze88 the Cleaver (level 9, -1/74 HPs)
             Began as a Deep Dwarf Fighter on Mar 20, 2019.
             Was a Follower of Makhleb.
             Slain by a two-headed ogre
             ... wielding a +0 giant spiked club
              (2 damage)
             ... on level 8 of the Dungeon.
             The game lasted 00:10:14 (6061 turns).

azeaze88 the Cleaver (Deep Dwarf Fighter)           Turns: 6061, Time: 00:10:14

Health: -1/74      AC: 11    Str: 24    XL:     9   Next: 75%
Magic:  3/3        EV:  7    Int: 10    God:    Makhleb [*.....]
Gold:   314        SH:  9    Dex: 12    Spells: 8/8 levels left

rFire    . . .     SeeInvis .   a - +0 war axe
rCold    . . .     Gourm    .   c - +0 shield
rNeg     . . .     Faith    .   o - +0 chain mail
rPois    .         Spirit   .   v - +0 helmet
rElec    .         Reflect  .   (no cloak)
rCorr    .         Harm     .   D - +0 pair of gloves
MR       +....                  (no boots)
Stlth    ..........             n - amulet of magic regeneration
HPRegen  0.00/turn              (no ring)
MPRegen  0.33/turn              y - +2 ring of intelligence

@: non-regenerating
A: damage resistance, heal wounds, sense surroundings 2, no regeneration
a: Heal Wounds, Renounce Religion


You were on level 8 of the Dungeon.
You worshipped Makhleb.
Makhleb was aware of your devotion.
You were not hungry.

You visited 2 branches of the dungeon, and saw 9 of its levels.

You collected 314 gold pieces.

Inventory:

Hand Weapons
 a - a +0 war axe (weapon)
Armour
 b - a +0 scale mail
 c - a +0 shield (worn)
 o - a +0 chain mail (worn)
 t - a +0 helmet
 v - a +0 helmet (worn)
 B - a cursed +0 helmet
 D - a +0 pair of gloves (worn)
Jewellery
 m - an uncursed ring of teleportation
 n - an amulet of magic regeneration (around neck)
 y - a +2 ring of intelligence (right hand)
Wands
 q - a wand of scattershot (5)
 u - a wand of acid (8)
 C - a wand of enslavement (6)
Scrolls
 e - a scroll of fog
 p - 3 scrolls of amnesia
 r - 7 scrolls of teleportation
 s - 2 scrolls of magic mapping
 A - a scroll of enchant armour {unknown}
 E - a scroll of enchant weapon {unknown}
 F - a scroll of acquirement {unknown}
 I - 2 scrolls of identify
Potions
 d - a potion of might
 g - 2 potions of agility {unknown}
 h - a potion of mutation {unknown}
 i - 3 potions of invisibility {unknown}
 j - 2 potions of curing {unknown}
 k - 2 potions of heal wounds
 l - a potion of flight {unknown}
 w - 2 potions of haste
 x - 2 potions of degeneration {unknown}
 z - 2 potions of lignification {unknown}
 H - a potion of cancellation {unknown}
Comestibles
 f - 11 rations


   Skills:
 - Level 2.6 Fighting
 + Level 14.0 Axes
 - Level 3.2 Armour
 + Level 3.8 Dodging
 + Level 2.1 Stealth
 - Level 3.2 Shields


You had 8 spell levels left.
You didn't know any spells.
Your spell library contained the following spells:

 Spells                   Type           Power        Failure   Level  Hunger
 Shock                    Conj/Air       #...         100%        1    ##.....
 Swiftness                Chrm/Air       #.......     100%        2    ###....
 Static Discharge         Conj/Air       #.......     100%        3    ####...
 Airstrike                Air            #.........   100%        4    #####..
 Sticky Flame             Conj/Fire      #.......     100%        4    #####..
 Lightning Bolt           Conj/Air       #.........   100%        5    ######.
 Iron Shot                Conj/Erth      #.........   100%        6    #######
 Simulacrum               Ice/Necr       #.........   100%        6    #######
 Regeneration             Chrm/Necr      Unusable     N/A         3    N/A

Dungeon Overview and Level Annotations

Branches:
Dungeon (8/15)             Temple (1/1) D:6
   Lair: D:8-11

Altars:
Cheibriados
Dithmenos
Elyvilon
Fedhas
Gozag
Hepliaklqana
Kikubaaqudgha
Makhleb
Ru
Trog
Uskayaw
Vehumet
Zin


Innate Abilities, Weirdness & Mutations

You are resistant to damage.
You can heal yourself by infusing magical energy.
You passively map the area around you.
You do not regenerate.


Message History

You fail to use your ability.
The two-headed ogre barely misses you.
The two-headed ogre hits you with a +0 giant club.
You feel much better.
You feel much better. The two-headed ogre closely misses you.
The two-headed ogre hits you with a +0 giant club.
You completely miss the two-headed ogre.
The two-headed ogre barely misses you.
The two-headed ogre hits you with a +0 giant club!
You barely miss the two-headed ogre. You slash the two-headed ogre!
The two-headed ogre is moderately wounded.
The two-headed ogre hits you with a +0 giant spiked club!!
The two-headed ogre hits you with a +0 giant club!!
* * * LOW HITPOINT WARNING * * *
You slash the two-headed ogre!
The two-headed ogre is heavily wounded.
The two-headed ogre hits you with a +0 giant spiked club!
* * * LOW HITPOINT WARNING * * *
The two-headed ogre hits you with a +0 giant club.
You die...

** * #<. , * #.#* , * **
,,... * * *#.# #.# #### #.#
*#...## ####### ##.#
#.....# ......#
##..#####.......
##.##.#####.....@O........
#.#.#.##)......####.......*
.###.....##.....#* .......
#.#.#.######...## ##...##
.......# ##.## * #.##
##.##..# #.# * ..# ,
.......# #.# *, #.#
##.###.# #+#* ##,* .# *.# ,
,


You could see a two-headed ogre.

Vanquished Creatures
  A human (D:7)
  A yak (D:7)
  A hungry ghost (D:7)
  Grum (D:8)
  3 hogs (D:7)
  Menkaure (D:6)
  2 phantoms (D:5)
  An orc warrior (D:7)
  A sky beast (D:6)
  An ogre (D:7)
  4 wolves (D:8)
  2 centaurs
  A big kobold (D:8)
  Blork the orc (D:4)
  4 bullfrogs (D:6)
  2 wights (D:8)
  A howler monkey (D:5)
  3 crimson imps
  A bullfrog zombie (D:7)
  3 jellies
  An orc priest (D:6)
  2 hounds
  Terence (D:3)
  Natasha (D:4)
  3 iguanas
  An orc wizard (D:5)
  8 worker ants
  3 hound skeletons
  5 gnolls
  4 adders
  2 shadow imps
  2 oozes (D:1)
  3 adder skeletons
  4 worms
  2 dart slugs
  5 leopard geckos
  9 orcs
  7 giant cockroaches
  6 goblins
  8 hobgoblins
  17 jackals
  6 bats
  6 frilled lizards
  2 jackal zombies
  14 kobolds
  A leopard gecko skeleton (D:4)
  A quokka zombie (D:5)
  8 rats
167 creatures vanquished.

Notes
Turn   | Place    | Note
-------+----------+-------------------------------------------
     0 | D:1      | azeaze88 the Deep Dwarf Fighter began the quest for the
                  | Orb.
     0 | D:1      | Reached XP level 1. HP: 20/20 MP: 1/1
    44 | D:1      | Reached XP level 2. HP: 27/27 MP: 2/2
    56 | D:1      | Reached skill level 3 in Axes
   295 | D:1      | Reached XP level 3. HP: 26/33 MP: 3/3
   368 | D:1      | Reached skill level 1 in Stealth
  1263 | D:2      | Reached skill level 4 in Axes
  1387 | D:2      | Reached skill level 1 in Dodging
  1395 | D:2      | Reached XP level 4. HP: 40/40 MP: 4/4
  2030 | D:3      | Found a shadowy altar of Dithmenos.
  2061 | D:3      | Noticed Terence
  2068 | D:3      | Killed Terence
  2207 | D:3      | Reached skill level 5 in Axes
  2378 | D:3      | Reached XP level 5. HP: 43/46 MP: 4/4
  2628 | D:3      | Found a white marble altar of Elyvilon.
  2903 | D:4      | Reached skill level 6 in Axes
  3065 | D:4      | Reached XP level 6. HP: 48/55 MP: 4/4
  3112 | D:4      | Noticed Blork the orc
  3127 | D:4      | Killed Blork the orc
  3127 | D:4      | Reached skill level 7 in Axes
  3456 | D:4      | Noticed Natasha
  3470 | D:4      | Killed Natasha
  3619 | D:5      | Entered Level 5 of the Dungeon
  3707 | D:5      | Reached skill level 8 in Axes
  3707 | D:5      | Reached XP level 7. HP: 35/61 MP: 4/4
  3987 | D:5      | Reached skill level 9 in Axes
  4220 | D:6      | You fall through a shaft!
  4264 | D:7      | Reached XP level 8. HP: 65/68 MP: 5/5
  4288 | D:6      | Reached skill level 10 in Axes
  4364 | D:6      | Found a staircase to the Ecumenical Temple.
  4375 | Temple   | Entered the Ecumenical Temple
  4416 | Temple   | Became a worshipper of Makhleb the Destroyer
  4432 | D:6      | Noticed Menkaure
  4441 | D:6      | Killed Menkaure
  4491 | D:6      | Found an opulent altar of Gozag.
  4534 | D:6      | Identified the Handbook of Unholy Rituals and Attacks
  4730 | D:6      | Reached skill level 11 in Axes
  5150 | D:7      | Reached * piety under Makhleb
  5236 | D:7      | Found a radiant altar of Vehumet.
  5305 | D:7      | Paralysed by fainting for 12 turns
  5340 | D:7      | Reached skill level 12 in Axes
  5458 | D:7      | Found a blossoming altar of Fedhas.
  5488 | D:7      | Gained mutation: You passively map the area around you.
                  | [Deep Dwarf growth]
  5488 | D:7      | Reached XP level 9. HP: 57/74 MP: 6/6
  5749 | D:7      | Reached skill level 13 in Axes
  5955 | D:8      | Noticed Grum
  6009 | D:8      | Killed Grum
  6044 | D:8      | Reached skill level 14 in Axes
  6049 | D:8      | Noticed a two-headed ogre
  6061 | D:8      | HP: 1/74 [two-headed ogre/+0 giant spiked club (15)]
  6061 | D:8      | Slain by a two-headed ogre

Skill      XL: |  1  2  3  4  5  6  7  8  9 |
---------------+----------------------------+-----
Axes           | 3 4 5 6 8 9 12 14 | 14.0
Stealth        | 1 2 |  2.1
Dodging        | 1 2 3 |  3.8
Fighting       | |  2.6
Armour         | |  3.2
Shields        | |  3.2

Action                   |  1- 3 |  4- 6 |  7- 9 || total
-------------------------+-------+-------+-------++-------
Melee: War axe           |   108 |   252 |   368 ||   728
 Abil: Heal Wounds       |     1 |     4 |    15 ||    20
  Use: Scroll            |       |       |     6 ||     6
  Eat: Chunk             |     2 |     7 |     7 ||    16
       Ration            |       |       |     4 ||     4
Armor: Scale mail        |    39 |       |       ||    39
       Chain mail        |    14 |   129 |   182 ||   325
Dodge: Dodged            |    36 |    60 |   107 ||   203
Block: Shield            |    62 |   124 |   165 ||   351
